 Dungeon Crawl Stone Soup version 0.29.1-13-g9f3cf754e1 (webtiles) character file.

Game seed: 12461551340475515311

74 Thatpatchoflichen the Shooter (level 4, -2/35 HPs)
             Began as a Human Hunter on Feb 8, 2023.
             Slain by an orc
             ... wielding a +0 mace
              (3 damage)
             ... on level 4 of the Dungeon.
             The game lasted 00:07:32 (2187 turns).

Thatpatchoflichen the Shooter (Human Hunter)        Turns: 2187, Time: 00:07:32

Health: -2/35      AC:  5    Str: 11    XL:     4   Next: 54%
Magic:  4/4        EV: 12    Int: 10    God:
Gold:   97         SH:  0    Dex: 18    Spells: 3/3 levels left

rFire   . . .      SeeInvis .   a - +0 shortbow
rCold   . . .      Faith    .   (shield currently unavailable)
rNeg    . . .      Spirit   .   c - +0 leather armour
rPois   .          Reflect  .   (no helmet)
rElec   .          Harm     .   k - +0 cloak
rCorr   .          Rampage  .   l - +0 pair of gloves
Will    .....                   (no boots)
Stlth   ++........              (no amulet)
HPRegen 0.11/turn               (no ring)
MPRegen 0.09/turn               (no ring)

@: no status effects
A: no striking features
a: no special abilities


You were on level 4 of the Dungeon.
You visited 1 branch of the dungeon, and saw 4 of its levels.

You collected 97 gold pieces.

Inventory:

Hand Weapons
 a - a +0 shortbow (weapon)
 r - the +8 hand axe "Newtslayer" {antimagic, rElec Str+3}
   (You found it on level 3 of the Dungeon)

   It reduces the magical energy of the wielder, and disrupts the spells and
   magical abilities of those it strikes.
   Natural abilities and divine invocations are not affected.
   Str:       It affects your strength (+3).
   rElec:     It insulates you from electricity.
Missiles
 f - 14 poisoned darts
Armour
 c - a +0 leather armour (worn)
 k - a +0 cloak (worn)
 l - a +0 pair of gloves (worn)
 m - a +0 chain mail
Wands
 o - a wand of flame (13)
Scrolls
 b - a scroll of immolation
 e - a scroll of fog {unknown}
 j - 3 scrolls of amnesia {unknown}
 n - a scroll of enchant weapon {unknown}
Potions
 d - 2 potions of lignification {unknown}
 g - a potion of might {unknown}
 h - 2 potions of mutation {unknown}
 i - 2 potions of curing {unknown}
 p - a potion of invisibility {unknown}
 q - 2 potions of degeneration {unknown}
 s - a potion of resistance {unknown}


   Skills:
 + Level 3.0 Fighting
 + Level 4.6 Ranged Weapons
 + Level 3.0 Dodging
 - Level 1.0 Stealth


You had 3 spell levels left.
You didn't know any spells.
Your spell library contained the following spells:

 Spells                   Type           Power      Damage    Failure   Level
 Beastly Appendage        Tmut           0%         N/A       45%         1
 Wereblood                Tmut           0%         N/A       58%         2
 Conjure Flame            Conj/Fire      0%         6-21      83%         3
 Ignite Poison            Fire/Tmut/Pois 0%         N/A       83%         3
 Spider Form              Tmut/Pois      0%         N/A       83%         3
 Sticky Flame             Conj/Fire      0%         2d3       99%         4


Dungeon Overview and Level Annotations

Branches:
Dungeon (4/15)
 Temple: D:4-7

Altars:

Annotations:
D:3 Grinder


Message History

Fire: a) +0 shortbow
Press: ? - help, Q - select action, (/) - cycle Shift-Dir - straight line, f - frilled lizard
Aim: a frilled lizard (48% to hit)
You shoot an arrow. The arrow hits the frilled lizard.
You kill the frilled lizard!
You hear a shout!
Grinder comes into view.
She is carrying a wand of flame (16).
Grinder shouts!
Grinder gestures at you.
You barely resist.
You hear the rusting of a very distant drain.
Grinder zaps a wand.
The puff of flame hits you! Grinder gestures at you.
Pain shoots through your body!
Grinder zaps a wand.
The puff of flame hits you.
Grinder zaps a wand.
The puff of flame hits you!
Grinder zaps a wand.
The puff of flame hits you.
There is a stone staircase leading down here.
Grinder zaps a wand.
The puff of flame hits you!
* * * LOW HITPOINT WARNING * * *
You climb downwards.
The goblin shouts!
The orc shouts! x2; The orc warrior shouts!
The orc shouts!
You hear a shout!
There is a stone staircase leading up here.
Fire: a) +0 shortbow
Press: ? - help, Q - select action, (/) - cycle Shift-Dir - straight line, f - orc
Aim: an orc, wielding a +0 mace and wearing a +0 leather armour (64% to hit)
You shoot an arrow. The arrow hits the orc.
The orc is almost dead.
The orc hits you but does no damage. The iguana bites you.
* * * LOW HITPOINT WARNING * * *
The orc warrior closely misses you. The goblin misses you.
Fire: a) +0 shortbow
Press: ? - help, Q - select action, (/) - cycle Shift-Dir - straight line, f - goblin, p - orc
Aim: a goblin, wielding a +0 dagger (58% to hit)
You shoot an arrow. The arrow hits the goblin.
You kill the goblin!
The orc closely misses you. The iguana closely misses you.
The orc hits you with a +0 mace.
You die...

#.# #.#
#.# #.#
#.# #.#
##)##
#o@.#
#lo..#
#...o...
####o####
.# .# #


You could see an orc warrior, an iguana and 3 orcs.

Vanquished Creatures
  Terence (D:2)
  2 adders
  4 bats
  An endoplasm (D:1)
  A giant cockroach (D:1)
  3 goblins
  2 hobgoblins (D:1)
  5 jackals
  2 kobolds
  A quokka (D:2)
  5 ball pythons
  4 frilled lizards
  A rat (D:3)
32 creatures vanquished.

Notes
Turn   | Place    | Note
-------+----------+-------------------------------------------
     0 | D:1      | Thatpatchoflichen the Human Hunter began the quest for the
                  | Orb.
     0 | D:1      | Reached XP level 1. HP: 16/16 MP: 1/1
   114 | D:1      | Reached XP level 2. HP: 22/22 MP: 2/2
   947 | D:2      | Noticed Terence
   966 | D:2      | Reached XP level 3. HP: 28/28 MP: 3/3
  1017 | D:2      | Killed Terence
  1018 | D:2      | Reached XP level 4. HP: 22/33 MP: 4/4
  1187 | D:2      | Found a faded altar of an unknown god.
  1974 | D:3      | Identified the +8 hand axe "Newtslayer" {antimagic, rElec
                  | Str+3}
  2165 | D:3      | Noticed Grinder
  2185 | D:4      | Noticed an orc warrior
  2186 | D:4      | HP: 1/35 [iguana (2)]
  2187 | D:4      | Slain by an orc

Illustrated notes

Levels and vault maps discovered:
D:1:      nicolae_arrival_memento_mori, layout_basic, minmay_pentomino_u2
D:2:      layout_loops_corners, hellmonk_ecumenical_altar_zigzags, uniq_terence
D:3:      layout_basic, gammafunk_temple_overflow_elements, lemuel_round_altar,
          cheibrodos_sewer_entry_sluice, uniq_grinder, uniq_ijyb
D:4:      layout_loops_ring, kennysheep_little_box

Skill      XL: |  1  2  3  4 |
---------------+-------------+-----
Fighting       | 3 |  3.0
Dodging        | 3 |  3.0
Ranged Weapons | |  4.6
Stealth        | |  1.0

Action                   |  1- 3 |  4- 6 || total
-------------------------+-------+-------++-------
 Fire: Shortbow          |    52 |    38 ||    90
Armor: Leather armour    |     8 |     3 ||    11
Dodge: Dodged            |    12 |     7 ||    19
